 Dungeon Crawl Stone Soup version 0.31-a0-675-g238779eb0a (webtiles) character file.

Game seed: 11533355409266625529

6657 Shayle the Mimic (level 11, 0/107 HPs)
             Began as an Ogre Shapeshifter on Sept 5, 2023.
             Was an Initiate of Gozag.
             Killed from afar by a raiju (4 damage)
             ... with a living lightning
             ... on level 2 of the Abyss.
             The game lasted 00:28:23 (9108 turns).

Shayle the Mimic (Ogre Shapeshifter)                Turns: 9108, Time: 00:28:25

Health: 0/107      AC: 16    Str: 25    XL:     11   Next: 3%
Magic:  21/21      EV: 11    Int: 15    God:    Gozag
Gold:   343        SH:  0    Dex:  8    Spells: 24/24 levels left

rFire   . .          .
                       - Unarmed
rCold   . . .        (shield currently unavailable)
rNeg    . . .        a - melded +0 animal skin
rPois   .            (helmet currently unavailable)
rElec   .            (cloak currently unavailable)
rCorr   .            (gloves unavailable)
SInv    .            (boots unavailable)
Will    +....        (no amulet)
Stlth   +            f - +4 ring of protection
HPRegen 0.37/turn    h - +4 ring of protection
MPRegen 0.17/turn

%: no passive effects
@: mighty, brilliant, snake-form, gold aura, on berserk cooldown, hasted and
slowed, invisible
A: constrict, boosted hp, large, unfitting armour, (tough skin 1)
a: Begin Untransformation, Renounce Religion, Potion Petition, Call Merchant,
Bribe Branch


You were on level 2 of the Abyss.
You worshipped Gozag.
Gozag was aware of your devotion.
You were an enormous anaconda.
You visited 2 branches of the dungeon, and saw 10 of its levels.
You visited the Abyss 1 time.

You collected 1229 gold pieces.
You paid 886 gold pieces to Gozag.

Inventory:

Missiles
 k - 2 throwing nets
 C - 4 silver javelins
Armour
 a - a +0 animal skin (melded)
Jewellery
 f - a +4 ring of protection (left hand)
 h - a +4 ring of protection (right hand)
Talismans
 c - a beast talisman
 d - a flux talisman
 z - a serpent talisman (active)
Wands
 t - a wand of flame (22)
Scrolls
 e - 2 scrolls of immolation
 m - a scroll of torment {unknown}
 n - 2 scrolls of amnesia
 o - a scroll of silence
 r - 3 scrolls of poison
 w - a scroll of vulnerability
 y - a scroll of fear
 B - a scroll of acquirement {unknown}
Potions
 i - a potion of magic
 l - 5 potions of enlightenment
 s - a potion of curing
 u - 3 potions of attraction
 v - a potion of mutation {unknown}
 x - 3 potions of brilliance
 D - a potion of lignification
 E - a potion of haste {unknown}


   Skills:
 - Level 1.3 Fighting
 + Level 6.4 Dodging
 - Level 8.5 Unarmed Combat
 + Level 7.3 Spellcasting
 + Level 9.8 Shapeshifting


You had 24 spell levels left.
You didn't know any spells.
Your spell library contained the following spells:

 Spells                   Type           Power      Damage    Failure   Level
 Apportation              Tloc           16%        N/A       13%         1
 Necrotise                Necr           32%        1d5       13%         1
 Shock                    Conj/Air       32%        1d5       13%         1
 Summon Small Mammal      Summ           32%        N/A       13%         1
 Cigotuvi's Dreadful Rot  Necr/Pois/Air  16%        N/A       21%         2
 Swiftness                Air            8%         N/A       36%         3
 Vampiric Draining        Necr           8%         2d6       36%         3
 Airstrike                Air            4%         2d(1-17)  78%         4
 Dispel Undead            Necr           8%         3d8       78%         4
 Agony                    Necr           8%         N/A       98%         5
 Death Channel            Necr           4%         N/A       100%        6


Dungeon Overview and Level Annotations

Branches:
Dungeon (9/15)             Temple (1/1) D:6
   Lair: D:8-11         Orc: D:9-12

Altars:
Ashenzari
Cheibriados
Dithmenos
Elyvilon
Fedhas
Gozag
Kikubaaqudgha
Makhleb
Nemelex Xobeh
Qazlal
Sif Muna
Trog
Uskayaw
Vehumet
Wu Jian
Xom
Zin
The Shining One

Annotations:
D:7 2 transporters, gurdl9716's ghost, novice TrFi


Innate Abilities, Weirdness & Mutations

You are an enormous anaconda.
You have a powerful constriction melee attack.
Your maximum health is increased.
Your armour is entirely melded.
You are incapable of wielding weapons or throwing items.
You are too large for most types of armour.
((You have tough skin. (AC +1)))


Message History

You constrict the raiju.
You kill the raiju!
A raiju comes into view.
You body-slam the raiju!!
Your grab misses the raiju.
The raiju is severely wounded.
The small abomination is distracted by your dazzling golden aura.
You closely miss the raiju. Your grab misses the raiju.
The raiju is severely wounded.
The raiju barely misses you.
You closely miss the raiju. Your grab misses the raiju.
The raiju is severely wounded.
You barely miss the raiju. Your grab misses the raiju.
The raiju is severely wounded.
The small abomination is no longer distracted by gold.
The small abomination is distracted by your dazzling golden aura.
A raiju comes into view.
The raiju barks!
You lash the rakshasa! Your grab misses the rakshasa.
The rakshasa is almost dead.
You hear a bark! x2
The small abomination is no longer distracted by gold.
You body-slam the rakshasa!!
You kill the rakshasa!
You are no longer berserk.
You are exhausted.
You feel yourself slow down.
The small abomination closely misses you.
The raiju bursts into living lightning!
The living lightning hits you!
* * * LOW HITPOINT WARNING * * *
The raiju blinks!
The raiju bursts into living lightning!
The living lightning hits you!
* * * LOW HITPOINT WARNING * * *
The raiju blinks! x2
The raiju bursts into living lightning!
The living lightning hits the raiju.
The raiju completely resists.
The living lightning hits you.
You die...
Your body crumbles into a pile of gold.

# ## # .## #.#
. #h. ..## ..#
.#..# ..
#.#.#..§#..##
#R# ....h...
#. # #.#.###..
.. . X
R#..#.§#### .
.#
...#...#h###
..
#......hxS#.##
...
...#.#.###h##
## . ..#. ###.
# .. . . . #.
... # . ..# #
. ... . # .#
.... . . . # .
. # . .#.# # #
# # ..


You could see 4 raiju and a small abomination (unable to see you).

Vanquished Creatures
  A rakshasa (Abyss:2)
  A vampire mage (Abyss:2)
  Amaemon (D:8)
  A manticore (D:9)
  An orange demon (D:8)
  Grinder (D:3)
  2 raiju (Abyss:2)
  Grum (D:8)
  6 yaks (D:8)
  2 acid dragons
  A water moccasin (D:5)
  2 orc warriors
  3 sky beasts
  2 black bears
  3 ice beasts (D:7)
  2 ogres
  2 wolves (D:8)
  2 phantoms
  3 scorpions
  4 bullfrogs
  A killer bee (D:8)
  8 hounds
  4 jellies
  2 gnoll boudas
  4 orc priests
  2 iguanas
  9 orc wizards
  Robin (D:3)
  8 gnolls
  5 adders
  3 ufetubi
  A worm (D:2)
  A dart slug (D:2)
  45 orcs
  7 bats
  9 endoplasms
  A giant cockroach (D:2)
  16 goblins
  3 hobgoblins
  7 jackals
  8 kobolds
  6 quokkas
  2 ball pythons
  2 frilled lizards
  7 rats
203 creatures vanquished.

Notes
Turn   | Place    | Note
-------+----------+-------------------------------------------
     0 | D:1      | Shayle the Ogre Shapeshifter began the quest for the Orb.
     0 | D:1      | Reached XP level 1. HP: 19/19 MP: 1/1
   130 | D:1      | Found a faded altar of an unknown god.
   146 | D:1      | Reached XP level 2. HP: 27/27 MP: 2/2
   633 | D:2      | Reached XP level 3. HP: 16/33 MP: 3/3
  1345 | D:2      | Reached XP level 4. HP: 41/41 MP: 4/4
  1379 | D:3      | Noticed Robin
  1695 | D:3      | Noticed Grinder
  1725 | D:3      | Reached skill level 4 in Shapeshifting
  1735 | D:3      | Killed Grinder
  1736 | D:3      | Reached XP level 5. HP: 21/48 MP: 5/5
  1736 | D:3      | Reached XP level 6. HP: 24/55 MP: 6/6
  1922 | D:3      | Found a stormy altar of Qazlal.
  1959 | D:3      | Reached skill level 5 in Shapeshifting
  1971 | D:3      | Killed Robin
  2266 | D:3      | Reached skill level 5 in Unarmed Combat
  2854 | D:4      | Reached XP level 7. HP: 62/62 MP: 7/7
  2968 | D:4      | Found a broken altar of Ashenzari.
  2977 | D:4      | Found a shimmering blue altar of Sif Muna.
  2978 | D:4      | You fall into a shaft and drop 2 floors!
  3052 | D:6      | Found a staircase to the Ecumenical Temple.
  3058 | Temple   | Entered the Ecumenical Temple
  3066 | Temple   | Became a worshipper of Gozag Ym Sagoz the Greedy
  3158 | D:6      | Reached skill level 6 in Shapeshifting
  3491 | D:6      | Reached XP level 8. HP: 70/70 MP: 8/8
  3793 | D:5      | Entered Level 5 of the Dungeon
  4053 | D:5      | Reached skill level 7 in Shapeshifting
  4208 | D:5      | Found a hide-covered altar of Uskayaw.
  4219 | D:5      | Found a blossoming altar of Fedhas.
  4944 | D:5      | Reached XP level 9. HP: 72/76 MP: 9/9
  5184 | D:5      | Reached skill level 8 in Shapeshifting
  5734 | D:7      | Found a burning altar of Makhleb.
  5734 | D:7      | Noticed a blizzard demon
  6137 | D:7      | Found a transporter.
  6138 | D:7      | Noticed gurdl9716's ghost (novice TrFi)
  6139 | D:7      | Noticed a two-headed ogre
  6140 | D:7      | Found a transporter.
  6271 | D:7      | Upgraded the game from 0.31-a0-672-g7da72447bb to
                  | 0.31-a0-675-g238779eb0a
  6450 | D:7      | Reached skill level 1 in Spellcasting
  6563 | D:8      | Found an ornate altar of the Wu Jian Council.
  7289 | D:8      | Reached XP level 10. HP: 77/84 MP: 16/16
  7331 | D:8      | Reached skill level 5 in Spellcasting
  7563 | D:8      | Noticed an orange demon
  7564 | D:8      | Noticed Amaemon
  7571 | D:8      | Killed an orange demon
  7572 | D:8      | Reached skill level 5 in Dodging
  7572 | D:8      | Reached skill level 9 in Shapeshifting
  7578 | D:8      | Killed Amaemon
  7779 | D:8      | Found an ancient bone altar of Kikubaaqudgha.
  8033 | D:4      | Found a shimmering altar of Xom.
  8033 | D:4      | Found a snail-covered altar of Cheibriados.
  8035 | D:4      | Found an iron altar of Okawaru.
  8035 | D:4      | Found a shimmering altar of Xom.
  8035 | D:4      | Found a radiant altar of Vehumet.
  8343 | D:9      | Noticed Grum
  8349 | D:8      | Killed Grum
  8520 | D:9      | Noticed a manticore
  8535 | D:9      | Killed a manticore
  8636 | D:9      | Found a glowing golden altar of the Shining One.
  8810 | Abyss:2  | Cast into level 2 of the Abyss (orc warrior)
  8965 | Abyss:2  | Noticed a vampire mage
  8976 | Abyss:2  | Killed a vampire mage
  9013 | Abyss:2  | Noticed a rakshasa
  9015 | Abyss:2  | Noticed a tentacled starspawn
  9038 | Abyss:2  | Noticed a thrashing horror
  9070 | Abyss:2  | Reached XP level 11. HP: 75/91 MP: 21/21
  9077 | Abyss:2  | HP: 4/106 [raiju (7)]
  9108 | Abyss:2  | Killed a rakshasa
  9108 | Abyss:2  | HP: 4/107 [raiju/living lightning (15)]
  9108 | Abyss:2  | Killed from afar by a raiju

Illustrated notes

Levels and vault maps discovered:
D:1:      dpeg_arrival_brainrot, layout_basic, ebering_ecumenical_altar_mist,
          serial_park_tiny_2
D:2:      layout_loops_cross, grunt_decor_arrowhead
D:3:      layout_loops_corners, nicolae_qazlal_scattered_showers, uniq_robin,
          uniq_grinder
D:4:      layout_rooms, nicolae_ashenzari_skybound, doesnt_xom_only_xom
D:5:      layout_loops_corners, amethyst_overflow_temple_binary
D:6:      layout_basic, minmay_temple_entry_hall
D:7:      layout_basic, makhleb_altar_promises_db, gammafunk_ghost_smash,
          hex_intersection
D:8:      layout_loops_ring, nicolae_wu_jian_wuxing_cycle, marbit_many_paths,
          minmay_hedge_maze, uniq_amaemon
D:9:      layout_cross, kennysheep_okawaru_gauntlet,
          nicolae_tso_carved_into_rock, lemuel_doored_altar,
          due_lair_maze_entry_diamond, david_orc_4, st_stairs_14, uniq_grum
Temple:   nicolae_temple_colour_theory
Abyss:2:  base:
D:6

Skill      XL: |  1  2  3  4  5  6  7  8  9 10 |
---------------+-------------------------------+-----
Unarmed Combat | 3 4 5 6 7 8 |  8.5
Shapeshifting  | 4 5 6 7 8 9 |  9.8
Dodging        | 4 6 |  6.4
Spellcasting   | 4 7 |  7.3
Fighting       | |  1.3

Action                     |  1- 3 |  4- 6 |  7- 9 | 10-12 || total
---------------------------+-------+-------+-------+-------++-------
  Melee: Unarmed           |   102 |   165 |   386 |   109 ||   762
         Punch             |     3 |     2 |    16 |       ||    21
         Constrict         |       |       |     2 |    21 ||    23
 Invoke: Potion Petition   |       |       |       |     2 ||     2
  Evoke: Wand              |       |       |     6 |     8 ||    14
    Use: Potion            |     2 |     2 |       |     7 ||    11
         Scroll            |     4 |       |     2 |     9 ||    15
   Stab: Sleeping          |     1 |       |       |       ||     1
         Distracted        |       |       |     1 |       ||     1
         Invisible         |       |       |       |     1 ||     1
 Armour: Animal skin       |    67 |   106 |   266 |       ||   439
         Skin              |       |       |     4 |   105 ||   109
  Dodge: Dodged            |    38 |    81 |   118 |    54 ||   291
   Form: Anaconda          |       |       |     1 |       ||     1

Table legend: (Time is in decaauts)
 A = Elapsed time spent in this place.
 B = Non-inter-level travel time spent in this place.
 C = Inter-level travel time spent in this place.
 D = Time resting spent in this place.
 E = Time spent auto-exploring this place.
 F = Levels seen in this place.
 G = Mean time per level.
                   A        B        C        D        E       F      G
               +--------+--------+--------+--------+--------+-----+--------+
         Total |   9030 |   8426 |    604 |    964 |   5291 |  11 |  820.9 |
       Dungeon |   8729 |   8125 |    604 |    846 |   5291 |   9 |  969.9 |
        Temple |     18 |     18 |      0 |      0 |      0 |   1 |   18.0 |
         Abyss |    281 |    281 |      0 |    118 |      0 |   1 |  281.0 |
               +--------+--------+--------+--------+--------+-----+--------+

Top non-repeatable levels by time:
     D:8: 1624 daAuts
     D:5: 1607 daAuts
     D:3: 1247 daAuts
     D:2: 1026 daAuts
     D:7: 991 daAuts
     D:6: 972 daAuts
     D:1: 480 daAuts
     D:4: 443 daAuts
     D:9: 335 daAuts
 Abyss:2: 281 daAuts
  Temple: 18 daAuts
